 Dungeon Crawl Stone Soup version bcrawl-1.26.1 (webtiles) character file.

Game seed: 1455874849577668021

181340 Tutankhamun the Ducker (level 7, -1/46 HPs)
             Began as an Avariel Reaver on July 7, 2020.
             Was a Follower of Vehumet.
             Slain by an ogre
             ... wielding a +0 giant club
              (21 damage)
             ... on level 4 of the Dungeon.
             The game lasted 00:08:13 (4181 turns).

Tutankhamun the Ducker (Avariel Reaver)             Turns: 4181, Time: 00:08:14

Health: -1/46      AC:  6    Str:  9    XL:     7   Next: 28%
Magic:  9/13       EV: 15    Int: 22    God:    Vehumet [*.....]
Gold:   310        SH:  0    Dex: 11    Spells: 10/11 levels left

rFire    . . .     SeeInvis .   q - +3 dagger (protect)
rCold    . . .     Gourm    +   (no shield)
rNeg     . . .     Faith    .   b - +0 steam dragon scales
rPois    .         Spirit   .   (no helmet)
rElec    .         Reflect  .   (no cloak)
rCorr    .         Harm     .   (no gloves)
MR       .....                  k - +0 pair of boots
Stlth    +.........             o - amulet of the gourmand
HPRegen  0.15/turn              (no ring)
MPRegen  0.13/turn              (no ring)

@: no status effects
A: blurry vision 1, robust 1
a: Renounce Religion


You were on level 4 of the Dungeon.
You worshipped Vehumet.
Vehumet was aware of your devotion.
You were not hungry.

You visited 1 branch of the dungeon, and saw 4 of its levels.

You collected 310 gold pieces.

Inventory:

Hand Weapons
 a - a +0 rapier
 q - a +3 dagger of protection (weapon)
Armour
 b - +0 steam dragon scales (worn)
 i - a cursed +0 leather armour
 k - a +0 pair of boots (worn)
Jewellery
 o - an amulet of the gourmand (around neck)
Wands
 r - a wand of random effects (7)
Scrolls
 d - a scroll of immolation
 g - a scroll of teleportation
 h - 2 scrolls of fog
 l - 3 scrolls of remove curse
 n - 2 scrolls of identify
 s - a scroll of fear {unknown}
Potions
 c - 3 potions of curing
 f - a potion of degeneration {unknown}
 j - a potion of ambrosia {unknown}
 m - a potion of agility {unknown}
 p - a potion of heal wounds {unknown}
Comestibles
 e - 3 rations {!d}


   Skills:
 - Level 3.7 Fighting
 - Level 6.2 Short Blades
 - Level 6.3 Dodging
 + Level 2.7 Spellcasting


You had 10 spell levels left.
You knew the following spells:

 Your Spells              Type           Power        Failure   Level  Hunger
a - Freeze                Ice            #.....       3%          1    None

Your spell library contained the following spells:

 Spells                   Type           Power        Failure   Level  Hunger
 Iskenderun's Battlesphe  Conj/Chrm      #.......     63%         5    ######.


Dungeon Overview and Level Annotations

Branches:
Dungeon (4/12)
 Temple: D:4-7

Altars:
Qazlal
Uskayaw


Innate Abilities, Weirdness & Mutations

Scrolls take you a little longer to read.
You are robust. (+10% HP)


Message History

Aim: an ogre, wielding a +0 giant club (lightly wounded)
You freeze the ogre.
The ogre is moderately wounded.
The ogre hits you with a +0 giant club!
Casting: Freeze (safe; 3% risk of failure)
Confirm with . or Enter, or press ? or * to list all spells.
Aiming: Freeze (safe; 3% risk of failure)
Press: ? - help, Shift-Dir - straight line, f/p - ogre
Aim: an ogre, wielding a +0 giant club (moderately wounded)
You freeze the ogre.
The ogre is heavily wounded.
Casting: Freeze (safe; 3% risk of failure)
Confirm with . or Enter, or press ? or * to list all spells.
Aiming: Freeze (safe; 3% risk of failure)
Press: ? - help, Shift-Dir - straight line, f/p - ogre
Aim: an ogre, wielding a +0 giant club (heavily wounded)
You freeze the ogre.
The ogre is heavily wounded.
The ogre hits you with a +0 giant club!!
You die...

.# ##.........#
##...## ###
##........## ###...##
#.# #........##
##....## ..##
##.......## ##....##
...# #........#
##....## ...#
#........###....##
...##
#....#....#....##
....##
#[..##........##
#.#..###.#####..@...##
#.##..#### #..O..##
#####..## #####...##
##..###......##
##..........#
##..........#
##............#
#...............
#...........#....


You could see an ogre.

Vanquished Creatures
  Sigmund (D:3)
  A phantom (D:3)
  A sky beast (D:3)
  An orc priest (D:2)
  An iguana (D:3)
  A worker ant (D:4)
  4 adders
  3 worms (D:3)
  A dart slug (D:2)
  6 leopard geckos
  6 orcs
  5 bats
  2 giant cockroaches
  5 hobgoblins
  10 jackals
  4 kobolds
  4 quokkas
  3 frilled lizards
  4 goblins
  5 rats
68 creatures vanquished.

Notes
Turn   | Place    | Note
-------+----------+-------------------------------------------
     0 | D:1      | Tutankhamun the Avariel Reaver began the quest for the Orb.
     0 | D:1      | Reached XP level 1. HP: 13/13 MP: 6/6
     2 | D:1      | Noticed a human
     2 | D:1      | Noticed a troll
     4 | D:1      | Noticed a tengu
     4 | D:1      | Noticed a demigod
     7 | D:1      | Noticed a minotaur
     7 | D:1      | Noticed a demonspawn
     9 | D:1      | Noticed a dwarf
    11 | D:1      | Noticed an ogre
    11 | D:1      | Noticed a vine stalker
    13 | D:1      | Noticed a formicid
    13 | D:1      | Noticed a draconian
    16 | D:1      | Noticed an octopode
    18 | D:1      | Noticed a vampire
    20 | D:1      | Noticed a gargoyle
    22 | D:1      | Noticed a ghoul
    22 | D:1      | Noticed a merfolk
    24 | D:1      | Noticed a halfling
    24 | D:1      | Noticed a felid
    26 | D:1      | Noticed a spriggan
    26 | D:1      | Noticed an elf
    28 | D:1      | Noticed a centaur
    28 | D:1      | Noticed a naga
   223 | D:1      | Got a vibrating steel amulet
   267 | D:1      | Reached XP level 2. HP: 18/18 MP: 7/7
   708 | D:2      | Found a stormy altar of Qazlal.
   789 | D:1      | Gained mutation: Scrolls take you a little longer to read.
                  | [potion of mutation]
   789 | D:1      | Gained mutation: You are robust. (+10% HP) [potion of
                  | mutation]
   953 | D:2      | Reached XP level 3. HP: 19/24 MP: 9/9
  1442 | D:2      | Found a hide-covered altar of Uskayaw.
  1489 | D:2      | Reached * piety under Vehumet
  1489 | D:2      | Offered knowledge of Freeze by Vehumet.
  1556 | D:2      | Identified the amulet "Etok" {Inacc rElec} (You found it on
                  | level 1 of the Dungeon)
  1861 | D:3      | Reached XP level 4. HP: 19/30 MP: 10/10
  1950 | D:3      | Noticed a phantom
  2189 | D:3      | Killed a phantom
  2189 | D:3      | Reached skill level 5 in Short Blades
  2189 | D:3      | Reached XP level 5. HP: 13/35 MP: 11/11
  2283 | D:3      | Noticed Sigmund
  2327 | D:3      | Killed Sigmund
  2327 | D:3      | Reached skill level 5 in Dodging
  2327 | D:3      | Reached XP level 6. HP: 18/40 MP: 12/12
  3501 | D:4      | Noticed a sky beast
  3519 | D:4      | Reached XP level 7. HP: 31/46 MP: 13/13
  3932 | D:4      | Learned a level 1 spell: Freeze
  4181 | D:4      | Slain by an ogre

Skill      XL: |  1  2  3  4  5  6  7 |
---------------+----------------------+-----
Fighting       | 3 |  3.7
Short Blades   | 4 5 6 |  6.2
Dodging        | 4 5 6 |  6.3
Spellcasting   | |  2.7

Action                   |  1- 3 |  4- 6 |  7- 9 || total
-------------------------+-------+-------+-------++-------
Melee: Rapier            |   134 |       |       ||   134
       Dagger            |    13 |   254 |    49 ||   316
 Cast: Freeze            |       |       |     9 ||     9
  Use: Potion            |     3 |       |       ||     3
       Scroll            |     4 |       |       ||     4
 Stab: Sleeping          |     1 |       |       ||     1
  Eat: Chunk             |     2 |     9 |       ||    11
Armor: Steam dragon scal |    51 |    62 |    16 ||   129
Dodge: Dodged            |   138 |   133 |    22 ||   293
